 Dungeon Crawl Stone Soup version 0.28.0-53-g5a82cb258f (webtiles) character file.

Game seed: 6878906456195414047

94 MiltankisOP the Chiller (level 4, -1/30 HPs)
             Began as a Barachi Ice Elementalist on June 17, 2022.
             Slain by a bullfrog skeleton (6 damage)
             ... on level 3 of the Dungeon.
             The game lasted 00:03:53 (1989 turns).

MiltankisOP the Chiller (Barachi Ice Elementalist)  Turns: 1989, Time: 00:03:54

Health: -1/30      AC:  2    Str:  9    XL:     4   Next: 63%
Magic:  5/7        EV: 12    Int: 18    God:
Gold:   27         SH:  0    Dex: 12    Spells: 6/7 levels left

rFire   . . .      SeeInvis .   (no weapon)
rCold   . . .      Faith    .   (no shield)
rNeg    . . .      Spirit   .   a - +0 robe
rPois   .          Reflect  .   (no helmet)
rElec   .          Harm     .   (no cloak)
rCorr   .          Rampage  .   (no gloves)
Will    .....                   (no boots)
Stlth   ++........              (no amulet)
HPRegen 0.10/turn               (no ring)
MPRegen 0.10/turn               (no ring)

@: slow
A: amphibious, slowness 1, strong legs 1, +LOS
a: Hop


You were on level 3 of the Dungeon.
You visited 1 branch of the dungeon, and saw 3 of its levels.

You collected 27 gold pieces.

Inventory:

Missiles
 e - a throwing net
Armour
 a - a +0 robe (worn)
Jewellery
 h - a ring of flight
 i - a ring of ice
Scrolls
 c - 5 scrolls of teleportation {unknown}
 d - 3 scrolls of identify {unknown}
 g - a scroll of enchant weapon {unknown}
Potions
 b - 2 potions of curing {unknown}
 f - 3 potions of degeneration {unknown}
 j - a potion of mutation {unknown}


   Skills:
 - Level 2.1 Dodging
 - Level 1.7 Stealth
 - Level 2.1 Spellcasting
 + Level 7.1 Ice Magic


You had 6 spell levels left.
You knew the following spells:

 Your Spells              Type           Power      Damage    Failure   Level
a - Freeze                Ice            100%       1d11      1%          1

Your spell library contained the following spells:

 Spells                   Type           Power      Damage    Failure   Level
 Frozen Ramparts          Ice            54%        1d7       2%          3
 Ozocubu's Armour         Ice            27%        N/A       2%          3
 Hailstorm                Conj/Ice       14%        3d5       38%         4


Dungeon Overview and Level Annotations

Branches:
Dungeon (3/15)

Altars:
Nemelex Xobeh

Shops:
D:1 =


Innate Abilities, Weirdness & Mutations

You are amphibious.
You cover ground slowly.
You can hop short distances.
You have an extended range of vision and can be seen from far away.


Message History

You hit the bullfrog skeleton.
The bullfrog skeleton is lightly damaged.
The bullfrog skeleton hits you.
You hit the bullfrog skeleton.
The bullfrog skeleton is lightly damaged.
The bullfrog skeleton misses you.
You hit the bullfrog skeleton.
The bullfrog skeleton is moderately damaged.
The bullfrog skeleton hits you.
The bullfrog skeleton closely misses you.
You hit the bullfrog skeleton. You punch the bullfrog skeleton.
The bullfrog skeleton is moderately damaged.
The bullfrog skeleton hits you.
You hit the bullfrog skeleton.
The bullfrog skeleton is moderately damaged.
The bullfrog skeleton barely misses you.
Casting: Freeze (safe; 1% risk of failure)
Confirm with . or Enter, or press ? or * to list all spells.
Aiming: Freeze (safe; 1% risk of failure)
Press: ? - help, Shift-Dir - straight line, f - bullfrog skeleton
Aim: a bullfrog skeleton (moderately damaged)
You freeze the bullfrog skeleton but do no damage.
The bullfrog skeleton completely resists.
The bullfrog skeleton hits you.
* * * LOW HITPOINT WARNING * * *
The bullfrog skeleton barely misses you.
Casting: Freeze (safe; 1% risk of failure)
Confirm with . or Enter, or press ? or * to list all spells.
Aiming: Freeze (safe; 1% risk of failure)
Press: ? - help, Shift-Dir - straight line, f/p - bullfrog skeleton
Aim: a bullfrog skeleton (moderately damaged)
You freeze the bullfrog skeleton but do no damage.
The bullfrog skeleton completely resists.
The bullfrog skeleton closely misses you.
The bullfrog skeleton hits you but does no damage.
The bullfrog skeleton hits you.
* * * LOW HITPOINT WARNING * * *
The bullfrog skeleton barely misses you.
The bullfrog skeleton hits you.
You die...

#..# #.#.#.##'##....... #..#
#.##.#.#.#.....######
####..#####.##.#.#.#.....#
#...........##.#.#.#.....#
###...#####.##.#<..##'##.#
#................####....#
###.#.#####....#.####..#.#####
#.#.# #.##................
#.#.#####.##@..####..##.####
#.#.#......Z...# #..# ...
#.#.#.###.###..# #..# ##.#
#.#.#.# #.# #..# #.## ..
#.#.#.# #.###..# #.# . #.#.#.#
#......##.#.#
###.#.#.######.........
#.....................#
#######................


You could see a bullfrog skeleton.

Vanquished Creatures
  3 gnolls (D:2)
  2 adders (D:2)
  6 bats
  3 endoplasms (D:1)
  2 giant cockroaches (D:2)
  7 goblins
  A hobgoblin (D:2)
  4 jackals (D:2)
  A quokka (D:1)
  7 ball pythons
  2 frilled lizards
  3 kobolds
  5 rats
46 creatures vanquished.

Notes
Turn   | Place    | Note
-------+----------+-------------------------------------------
     0 | D:1      | MiltankisOP the Barachi Ice Elementalist began the quest
                  | for the Orb.
     0 | D:1      | Reached XP level 1. HP: 13/13 MP: 3/3
    44 | D:1      | Reached skill level 5 in Ice Magic
   198 | D:1      | Reached XP level 2. HP: 19/19 MP: 3/5
   395 | D:1      | Found Dessaxt's Jewellery Boutique.
   716 | D:2      | Reached XP level 3. HP: 24/24 MP: 2/6
   869 | D:2      | Reached skill level 6 in Ice Magic
  1187 | D:2      | Reached XP level 4. HP: 30/30 MP: 3/7
  1431 | D:2      | Found a sparkling altar of Nemelex Xobeh.
  1573 | D:2      | Reached skill level 7 in Ice Magic
  1989 | D:3      | Slain by a bullfrog skeleton

Illustrated notes

Levels and vault maps discovered:
D:1:      lordsloth_arrival_two_stooges, layout_rooms, serial_shops,
          nicolae_shop_crystal
D:2:      layout_loops_ring, basic_altar
D:3:      layout_basic, uniq_grinder, uniq_natasha, uniq_sigmund

Skill      XL: |  1  2  3  4 |
---------------+-------------+-----
Ice Magic      | 5 6 7 |  7.1
Dodging        | |  2.1
Stealth        | |  1.7
Spellcasting   | |  2.1

Action                   |  1- 3 |  4- 6 || total
-------------------------+-------+-------++-------
Melee: Unarmed           |     6 |     8 ||    14
       Punch             |       |     1 ||     1
 Cast: Freeze            |    45 |    20 ||    65
Armor: Robe              |     5 |     4 ||     9
Dodge: Dodged            |    29 |    13 ||    42
